AoeStats
← Schweindals | LordN00bius

Nomad

509945320Analyzed
3v3 RM · 3d ago on Sep 28, 2026· 66m 49s· 6 players
Game mode
Random Map
Map size
210×210
Population
200
Speed
Normal
Resources
Standard
Victory
Conquest
Starting age
Dark Age
Ending age
Imperial Age
RankedLock teamsTeams togetherTeam positionsShared explorationLock speedFull tech treeHidden civsTurbo modeCheats
Victory
Defeat
873
+14
🇩🇪 Varangians · Germany
835
+16
🇩🇪 Magyars · Germany
754
+19
🇮🇹 Wei · Italy
856
-18
🇫🇷 Bengalis · France
808
-16
🇺🇸 Tatars · United States
805
-15
Schweindals | LordN00bius
10:08 Loom
16:58 Feudal Age
18:56 Double-Bit Axe
19:13 Stone Mining
22:58 Castle Age
23:51 Bloodlines
24:13 Bow Saw
27:07 Wheelbarrow
26:16 Horse Collar
26:27 Gold Mining
26:29 Fletching
26:41 Padded Archer Armor
40:55 Bodkin Arrow
43:36 Scale Barding Armor
43:41 Forging
45:01 Chain Barding Armor
48:26 Hand Cart
49:08 Iron Casting
52:25 Imperial Age
51:36 Scale Mail Armor
51:52 Leather Archer Armor
53:26 Cavalier
55:03 Conscription
56:34 Chemistry
55:42 Heavy Plow
57:06 Pikeman
58:03 Chain Mail Armor
58:49 Blast Furnace
63:52 Two-Man Saw
63:41 Hoardings
64:25 Plate Mail Armor
63:56 Bracer
65:08 Plate Barding Armor
64:50 Gambesons
66:07 Halberdier
Phil
15:23 Feudal Age
18:03 Town Watch
18:11 Fletching
21:31 Castle Age
19:18 Loom
22:29 Bodkin Arrow
24:22 Town Patrol
31:58 Wheelbarrow
37:51 Padded Archer Armor
37:57 Scale Barding Armor
39:25 Hand Cart
41:41 Pikeman
42:21 Squires
46:00 Light Cavalry
46:51 Bloodlines
46:47 Husbandry
49:14 Chain Barding Armor
52:36 Imperial Age
53:56 Murder Holes
55:01 Chemistry
54:34 Elite Varangian Guard
56:20 Plate Barding Armor
56:07 Leather Archer Armor
57:43 Gold Mining
58:22 Forging
58:33 Horse Collar
59:26 Conscription
58:27 Vendel Legacy
62:40 Cavalier
64:04 Caravan
Woischlauch
4:38 Loom
17:30 Feudal Age
19:31 Double-Bit Axe
20:44 Horse Collar
25:28 Bloodlines
27:21 Castle Age
25:24 Gold Mining
30:19 Stone Mining
31:21 Heavy Plow
32:26 Bow Saw
32:21 Husbandry
33:19 Corvinian Army
33:38 Murder Holes
33:45 Fletching
34:30 Bodkin Arrow
35:30 Ballistics
39:06 Elite Skirmisher
39:56 Padded Archer Armor
46:31 Imperial Age
44:24 Leather Archer Armor
44:55 Pikeman
46:03 Arson
46:57 Halberdier
48:17 Ring Archer Armor
48:32 Wheelbarrow
49:05 Two-Man Saw
53:05 Elite Magyar Huszar
54:20 Hoardings
56:09 Town Watch
57:00 Conscription
57:28 Scale Mail Armor
57:29 Bracer
59:07 Crop Rotation
58:56 Hand Cart
62:31 Town Patrol
63:47 Chain Mail Armor
62:54 Heavy Cavalry Archer
64:39 Parthian Tactics
65:53 Recurve Bow
Zbar
5:21 Loom
15:39 Feudal Age
16:25 Town Watch
18:01 Wheelbarrow
20:32 Gold Mining
22:33 Stone Mining
25:01 Castle Age
23:27 Double-Bit Axe
23:29 Horse Collar
25:20 Forging
25:16 Scale Barding Armor
25:39 Bloodlines
26:02 Husbandry
25:27 Light Cavalry
28:38 Man-at-Arms
29:03 Gambesons
30:29 Medium Warships
34:04 Ballistics
34:56 Iron Casting
34:22 Padded Archer Armor
34:42 Chain Barding Armor
35:07 Murder Holes
35:21 Long Swordsman
36:01 Squires
35:46 Arson
37:33 Hand Cart
39:57 Paiks
40:09 Leather Archer Armor
39:44 Fletching
40:15 Hand Cart
41:44 Town Patrol
46:12 Imperial Age
46:29 Bodkin Arrow
46:35 Scale Mail Armor
47:20 Conscription
46:22 Siege Elephant
48:49 Blast Furnace
47:50 Elite Ratha (Ranged)
49:05 Fortified Wall
52:17 Pikeman
54:58 Halberdier
60:31 Ring Archer Armor
60:01 Bracer
60:37 Plate Barding Armor
59:26 Elite Skirmisher
59:27 Elite Elephant Archer
62:05 Bow Saw
61:58 Heavy Plow
63:56 Siege Engineers
64:01 Masonry
63:41 Fishing Lines
64:31 Onager
Velox_M_B
4:46 Loom
15:53 Feudal Age
16:38 Double-Bit Axe
16:46 Gold Mining
16:40 Fishing Lines
18:46 Wheelbarrow
18:31 Stone Mining
26:58 Castle Age
25:16 Forging
26:15 Fletching
28:06 Husbandry
30:02 Town Watch
31:26 Stone Shaft Mining
34:17 Treadmill Crane
35:24 Murder Holes
35:53 Ballistics
35:30 Bodkin Arrow
40:32 Masonry
47:16 Imperial Age
45:59 Bow Saw
46:54 Hand Cart
47:09 Tuntian
48:36 Conscription
49:37 Bracer
50:56 Hoardings
51:11 Gold Shaft Mining
52:11 Ming Guang Armor
52:30 Heavy Hei Guang Cavalry
53:26 Gillnets
58:20 Elite Tiger Cavalry
Phobos scattered my army
12:18 Loom
16:41 Feudal Age
26:36 Castle Age
38:05 Husbandry
38:48 Gold Mining
39:13 Bloodlines
44:40 Fishing Lines
46:06 Silk Armor
51:40 Scale Barding Armor
51:48 Forging
58:38 Gold Shaft Mining
64:05 Gillnets
Connection lost

Rejoining the realm…

Still unreachable

The connection could not be restored.

Session expired

The server has moved on; the page needs a fresh start.